 Dungeon Crawl Stone Soup version 0.20.1-1-g8b1a95d66d (webtiles) character file.

1690 Peloso the Slasher (level 9, -8/60 HPs)
             Began as a Halfling Fighter on Dec 3, 2017.
             Mangled by a hornet (10 damage)
             ... on level 6 of the Dungeon.
             The game lasted 00:15:42 (5839 turns).

Peloso the Slasher (Halfling Fighter)               Turns: 5839, Time: 00:15:42

Health: -8/60      AC: 14    Str: 20    XL:     9   Next: 22%
Magic:  9/9        EV: 12    Int:  6    God:
Gold:   261        SH:  6    Dex: 14    Spells: 8/8 levels left

rFire    . . .     SeeInvis +   a - +1 long sword
rCold    . . .     Gourm    +   c - +0 buckler {AC+3}
rNeg     + . .     Faith    .   b - +0 chain mail
rPois    .         Spirit   .   (no helmet)
rElec    .         Reflect  .   (no cloak)
rCorr    .         Harm     .   (no gloves)
MR       .....                  o - +0 pair of boots
Stlth    ..........             x - amulet of the gourmand
Regen    0.2/turn               e - ring of positive energy
MPRegen  0.2/turn               r - ring of see invisible

@: lethally poisoned (-8 -> -23), slowed, very slow
A: mutation resistance 1
a: no special abilities


You were on level 6 of the Dungeon.
You were not hungry.

You visited 1 branch of the dungeon, and saw 6 of its levels.

You collected 261 gold pieces.

Inventory:

Hand Weapons
 a - a +1 long sword (weapon)
Missiles
 n - 10 bolts
Armour
 b - a +0 chain mail (worn)
 c - a +0 buckler of protection (worn)
 o - a +0 pair of boots (worn)
 q - a +0 cloak
Jewellery
 e - a ring of positive energy (left hand)
 m - a +2 ring of intelligence
 r - a ring of see invisible (right hand)
 x - an amulet of the gourmand (around neck)
Wands
 d - a wand of polymorph (11/24)
Scrolls
 g - 2 scrolls of enchant weapon
 i - a scroll of teleportation
 l - a scroll of magic mapping
 s - a scroll of recharging
 w - 2 scrolls of remove curse
Potions
 t - 2 potions of invisibility
 u - a potion of haste
Comestibles
 f - 4 bread rations
 k - 2 meat rations
 p - 4 fruits


   Skills:
 + Level 4.9 Fighting
 + Level 7.7 Long Blades
 + Level 5.6 Armour
 + Level 3.9 Dodging
 + Level 1.4 Stealth
 + Level 5.1 Shields


You had 8 spell levels left.
You didn't know any spells.

Dungeon Overview and Level Annotations

Branches:
Dungeon (6/15)
 Temple: D:4-7

Altars:
Elyvilon
Nemelex Xobeh
Trog
Yredelemnul


Innate Abilities, Weirdness & Mutations

You are small and have problems with some larger weapons.
You are somewhat resistant to further mutation.


Message History

The hornet stings you but does no damage.
The hornet stings you!
* * * LOW HITPOINT WARNING * * *
You are lethally poisoned!
You feel as though you will be slow longer.
You closely miss the hornet.
The hornet is almost dead.
* * * LOW HITPOINT WARNING * * *
You feel very sick. The hornet closely misses you. The hornet stings you.
* * * LOW HITPOINT WARNING * * *
You feel as though you will be slow longer.
Unknown command.
Okay, then.
You hit the hornet but do no damage.
The hornet is almost dead.
* * * LOW HITPOINT WARNING * * *
You feel sick. The hornet closely misses you. You block the hornet's attack.
The hornet stings you!
You die...

...............................#
##############################.#
#.# #.# #.# #.# #.# #######.#
#.# #...@...# #.# #.###y### #.#
#...#hZ. #.# #.#.#.### #.#
###.#.. ####.# #######+###.###
#..#.# #...........# #..#.#
#...........# #<.#.#
#...........# #.##.#


You could see a hornet, a hound and a howler monkey skeleton.

Vanquished Creatures
  A hippogriff (D:4)
  Eustachio (D:6)
  A sky beast (D:6)
  An orc warrior (D:6)
  2 phantoms
  An ice beast (D:6)
  3 ogres (D:4)
  A centaur (D:5)
  A howler monkey (D:3)
  A crimson imp (D:4)
  2 quasits (D:5)
  2 orc priests
  2 hounds
  2 orc wizards
  A worker ant (D:4)
  A worker ant zombie (D:5)
  10 adders
  4 gnolls (D:5)
  A shadow imp (D:5)
  2 oozes
  4 worms
  A dart slug (D:3)
  4 leopard geckos
  13 orcs
  A giant cockroach (D:4)
  2 gnoll zombies (D:3)
  9 goblins
  4 hobgoblins
  8 jackals
  4 kobolds
  5 quokkas
  11 bats
  6 frilled lizards
  A quokka skeleton (D:4)
  3 rats
116 creatures vanquished.

Notes
Turn   | Place    | Note
-------+----------+-------------------------------------------
     0 | D:1      | Peloso the Halfling Fighter began the quest for the Orb.
     0 | D:1      | Reached XP level 1. HP: 15/15 MP: 1/1
   459 | D:1      | Reached XP level 2. HP: 20/21 MP: 2/2
   850 | D:2      | Reached XP level 3. HP: 24/26 MP: 3/3
   997 | D:2      | Reached XP level 4. HP: 23/31 MP: 4/4
  1344 | D:3      | Reached skill level 3 in Long Blades
  1689 | D:3      | Reached skill level 1 in Dodging
  1689 | D:3      | Reached XP level 5. HP: 23/36 MP: 5/5
  2283 | D:3      | Found a basalt altar of Yredelemnul.
  2616 | D:3      | Reached XP level 6. HP: 13/42 MP: 6/6
  2935 | D:3      | Reached skill level 4 in Long Blades
  3338 | D:4      | Noticed an ogre
  3349 | D:4      | Killed an ogre
  3457 | D:4      | Reached XP level 7. HP: 43/47 MP: 7/7
  3582 | D:4      | Reached skill level 5 in Long Blades
  4118 | D:4      | Found a white marble altar of Elyvilon.
  4201 | D:5      | Entered Level 5 of the Dungeon
  4201 | D:5      | Noticed a hippogriff
  4433 | D:4      | Killed a hippogriff
  4433 | D:4      | Reached skill level 6 in Long Blades
  4433 | D:4      | Reached skill level 1 in Stealth
  4433 | D:4      | Reached XP level 8. HP: 38/54 MP: 8/8
  4563 | D:5      | Reached skill level 5 in Armour
  5174 | D:5      | Found a bloodstained altar of Trog.
  5174 | D:5      | Found a sparkling altar of Nemelex Xobeh.
  5324 | D:6      | Reached skill level 7 in Long Blades
  5327 | D:6      | Noticed Eustachio
  5391 | D:6      | Reached XP level 9. HP: 14/59 MP: 9/9
  5404 | D:6      | Killed Eustachio
  5404 | D:6      | Reached skill level 5 in Shields
  5828 | D:6      | Noticed a hornet
  5839 | D:6      | HP: 2/60 [poisoned by a hornet]
  5839 | D:6      | Mangled by a hornet

Skill      XL: |  1  2  3  4  5  6  7  8  9 |
---------------+----------------------------+-----
Fighting       | 3 4 |  4.9
Long Blades    | 3 4 6 7 |  7.7
Dodging        | 1 2 3 |  3.9
Shields        | 4 5 |  5.1
Armour         | 4 5 |  5.6
Stealth        | 1 |  1.4

Action                   |  1- 3 |  4- 6 |  7- 9 || total
-------------------------+-------+-------+-------++-------
Melee: Long sword        |    86 |   177 |   276 ||   539
  Use: Scroll            |       |     5 |     6 ||    11
       Potion            |       |       |     3 ||     3
  Eat: Chunk             |       |     9 |    13 ||    22
Armor: Scale mail        |    63 |    73 |   121 ||   257
       Chain mail        |       |       |     5 ||     5
Dodge: Dodged            |    73 |    94 |   173 ||   340
Block: Shield            |    28 |       |       ||    28
       Buckler           |    22 |    43 |    66 ||   131
       Rpst.: Long sword |    28 |    30 |    45 ||   103
